 Dungeon Crawl Stone Soup version 0.28-a0-863-g8cecda6153 (webtiles) character file.

Game seed: 13952855798139397821

114 demibob the Sneak (level 4, -2/35 HPs)
             Began as a Demonspawn Delver on Nov 19, 2021.
             Slain by a gnoll (10 damage)
             ... on level 2 of the Dungeon.
             The game lasted 00:06:42 (1760 turns).

demibob the Sneak (Demonspawn Delver)               Turns: 1760, Time: 00:06:42

Health: -2/35      AC:  3    Str: 13    XL:     4   Next: 67%
Magic:  0/4        EV: 11    Int: 11    God:
Gold:   96         SH:  0    Dex: 15    Spells: 3/3 levels left

rFire   + . .      SeeInvis .   a - +0 spear
rCold   + . .      Faith    .   (no shield)
rNeg    . . .      Spirit   +   b - +0 leather armour
rPois   +          Reflect  .   (no helmet)
rElec   +          Harm     .   (no cloak)
rCorr   +          Rampage  .   (no gloves)
Will    .....                   (no boots)
Stlth   +++.......              e - amulet of guardian spirit
HPRegen 0.11/turn               (no ring)
MPRegen 0.09/turn               (no ring)

@: resistant
A: demonic guardian 1, spiny 1
a: no special abilities


You were on level 2 of the Dungeon.
You visited 1 branch of the dungeon, and saw 5 of its levels.

You collected 96 gold pieces.


Innate Abilities, Weirdness & Mutations

A weak demonic guardian rushes to your aid.
You are partially covered in sharp spines.


   Skills:
 - Level 3.0 Fighting
 + Level 4.5 Polearms
 - Level 1.7 Dodging
 - Level 4.5 Stealth


You had 3 spell levels left.
You didn't know any spells.
Your spell library was empty.

Inventory:

Hand Weapons
 a - a +0 spear (weapon)
Missiles
 h - 2 atropa-tipped darts (quivered)
Armour
 b - a +0 leather armour (worn)
Jewellery
 e - an amulet of guardian spirit (around neck)
Wands
 g - a wand of digging (9)
Scrolls
 c - a scroll of fog
Potions
 d - a potion of curing {@q1}

Dungeon Overview and Level Annotations

Branches:
Dungeon (5/15)
 Temple: D:4-7

Altars:

#...#....#
##..#....###
###..#......#
#.........###
#.........#
#.........#
#......g..#
#####.....>g..#
#......)<@.g..#
#.............#
#.....#########
#.....# #.....#
#.....# #.....#
#.....# #.....#


You could see 3 gnolls.


Message History

The gnoll misses you.
You reach to attack!
You barely miss the gnoll.
The gnoll is lightly wounded.
The gnoll misses you.
Okay, then.
Okay, then.
Okay, then.
It was a potion of curing.
You feel better.
It was a potion of heal wounds.
You feel much better.
It was a potion of resistance.
You feel protected.
The gnoll hits you from afar with a +0 halberd.
Unknown command.
There is a stone staircase leading up here.
The gnoll hits you from afar with a +0 halberd.
There is a stone staircase leading up here.
The gnoll closely misses you. The gnoll misses you.
The gnoll hits you with a +0 halberd!
There is a stone staircase leading up, spattered with blood here.
The gnoll is struck by your spines. The gnoll hits you with a +0 halberd!
* * * LOW HITPOINT WARNING * * *
A demonic guardian appears!
The gnoll hits you with a +0 whip.
* * * LOW HITPOINT WARNING * * *
The gnoll is struck by your spines. The gnoll barely misses you.
You climb upwards.
Your summoned ally is left behind.
There is a stone staircase leading down here.
Okay, then.
Okay, then.
The gnoll hits you from afar with a +0 halberd!
You die...

Skill      XL: |  1  2  3  4 |
---------------+-------------+-----
Polearms       | 2 3 4 |  4.5
Fighting       | |  3.0
Dodging        | |  1.7
Stealth        | |  4.5

Action                   |  1- 3 |  4- 6 || total
-------------------------+-------+-------++-------
Melee: Spear             |    92 |    72 ||   164
Throw: Dart              |     3 |       ||     3
  Use: Scroll            |     4 |       ||     4
       Potion            |     1 |     3 ||     4
 Stab: Distracted        |     1 |       ||     1
       Sleeping          |     7 |     3 ||    10
Armor: Leather armour    |    21 |    10 ||    31
Dodge: Dodged            |    46 |    34 ||    80

Levels and vault maps discovered:
D:1:      lightli_arrival_noodles, layout_rooms, ebering_ecumenical_altar_rust,
          lemuel_flame_loot_1
D:2:      layout_basic, nrook_mini_backslash
D:3:      layout_basic, hex_medium, uniq_sigmund
D:4:      layout_rooms, good_gods_temple_1, nicolae_ossuary_entry_plus,
          chequers_serial_rivers_room_a, uniq_duvessa
D:5:      layout_rooms, minmay_chambers_of_fives

Notes
Turn   | Place    | Note
-------+----------+-------------------------------------------
     0 | D:5      | demibob the Demonspawn Delver began the quest for the Orb.
     0 | D:5      | Reached XP level 1. HP: 18/18 MP: 1/1
    25 | D:4      | Noticed an iguana
    41 | D:4      | Noticed a jelly
    60 | D:3      | Reached skill level 2 in Polearms
   144 | D:1      | HP: 1/18 [frozen (2)]
   201 | D:1      | Gained mutation: You are partially covered in sharp spines.
                  | [demonic ancestry]
   201 | D:1      | Reached XP level 2. HP: 6/24 MP: 2/2
   201 | D:1      | HP: 1/24 [frozen (5)]
   553 | D:1      | Found a faded altar of an unknown god.
   767 | D:1      | Reached skill level 3 in Polearms
  1095 | D:1      | Gained mutation: A weak demonic guardian rushes to your
                  | aid. [demonic ancestry]
  1095 | D:1      | Reached XP level 3. HP: 27/29 MP: 3/3
  1212 | D:2      | Reached XP level 4. HP: 35/35 MP: 4/4
  1216 | D:2      | Reached skill level 4 in Polearms
  1741 | D:3      | Identified a potion of resistance
  1760 | D:2      | Slain by a gnoll

Vanquished Creatures
  6 adders
  A worm (D:2)
  A dart slug (D:2)
  5 bats
  6 endoplasms
  5 giant cockroaches
  5 goblins
  A hobgoblin (D:2)
  5 kobolds
  3 quokkas
  3 ball pythons (D:1)
  3 frilled lizards (D:1)
  7 rats
51 creatures vanquished.

Vanquished Creatures (collateral kills)
  An endoplasm (D:2)
  A kobold (D:2)
2 creatures vanquished.

Vanquished Creatures (others)
  A bat (D:1)
  A hobgoblin (D:1)
2 creatures vanquished.

Grand Total: 55 creatures vanquished

Table legend: (Time is in decaauts)
 A = Elapsed time spent in this place.
 B = Non-inter-level travel time spent in this place.
 C = Inter-level travel time spent in this place.
 D = Time resting spent in this place.
 E = Time spent auto-exploring this place.
 F = Levels seen in this place.
 G = Mean time per level.
                   A        B        C        D        E       F      G
               +--------+--------+--------+--------+--------+-----+--------+
         Total |   1733 |   1716 |     17 |    355 |    773 |   5 |  346.6 |
       Dungeon |   1733 |   1716 |     17 |    355 |    773 |   5 |  346.6 |
               +--------+--------+--------+--------+--------+-----+--------+

Top non-repeatable levels by time:
     D:1: 970 daAuts
     D:2: 493 daAuts
     D:3: 229 daAuts
     D:4: 34 daAuts
     D:5: 6 daAuts

Table legend:
 A = Non-vault XP
 B = Vault XP
 C = Vault XP percentage of total XP
 D = Non-vault monster count
 E = Vault monster count
 F = Vault count percentage of total count
                 A         B        C        D         E       F
            +---------+---------+-------+---------+---------+-------
      Total |     164 |       0 |   0.0 |      53 |       0 |   0.0
            +---------+---------+-------+---------+---------+-------
        D:1 |      47 |       0 |   0.0 |      23 |       0 |   0.0
        D:2 |      94 |       0 |   0.0 |      24 |       0 |   0.0
        D:3 |      23 |       0 |   0.0 |       6 |       0 |   0.0
            +---------+---------+-------+---------+---------+-------
